 Dungeon Crawl Stone Soup version 0.20.1-1-g8b1a95d (webtiles) character file.

44 Kaziem the Chopper (level 3, -9/33 HPs)
             Began as a Hill Orc Monk on Sept 17, 2017.
             Mangled by a gnoll
             ... wielding a +0 halberd
              (15 damage)
             ... on level 2 of the Dungeon.
             The game lasted 00:08:06 (1097 turns).

Kaziem the Chopper (Hill Orc Monk)                  Turns: 1097, Time: 00:08:07

Health: -9/33      AC:  2    Str: 14    XL:     3   Next: 60%
Magic:  3/3        EV: 18    Int: 10    God:
Gold:   50         SH:  0    Dex: 18    Spells: 2/2 levels left

rFire    . . .     SeeInvis .   e - +0 hand axe (freeze)
rCold    . . .     Gourm    .   (no shield)
rNeg     . . .     Faith    .   b - +0 robe
rPois    .         Spirit   .   (helmet restricted)
rElec    .         Reflect  .   (no cloak)
rCorr    .         Harm     .   (no gloves)
MR       .....                  (no boots)
Stlth    +++.......             (no amulet)
Regen    0.2/turn               (no ring)
MPRegen  0.1/turn               (no ring)

@: agile
A: antennae 1, deterioration 1
a: no special abilities


You were on level 2 of the Dungeon.
You were hungry.

You visited 1 branch of the dungeon, and saw 2 of its levels.

You collected 50 gold pieces.

Inventory:

Hand Weapons
 a - a +0 hand axe
 e - a +0 hand axe of freezing (weapon)
Missiles
 g - 64 stones (quivered)
Armour
 b - a +0 robe (worn)
Jewellery
 l - an uncursed amulet of regeneration {unknown}
Scrolls
 d - a scroll of identify {unknown}
 j - a scroll of remove curse {unknown}
Potions
 f - a potion of cancellation
 i - a potion of heal wounds {unknown}
Comestibles
 c - 3 bread rations
 h - a royal jelly


   Skills:
 + Level 3.9 Fighting
 + Level 4.8 Axes
 + Level 2.7 Dodging
 + Level 2.1 Stealth


You had 2 spell levels left.
You didn't know any spells.

Dungeon Overview and Level Annotations

Branches:
Dungeon (2/15)

Altars:
Elyvilon


Innate Abilities, Weirdness & Mutations

You have a pair of small antennae on your head.
Your body sometimes deteriorates upon taking damage.


Message History

You barely miss the gnoll. The gnoll completely misses you.
Something bites the gnoll.
Something bites the gnoll.
You hit the gnoll. You freeze the gnoll.
The gnoll is severely wounded.
You hit the gnoll. You freeze the gnoll. The gnoll closely misses you. x3
You barely miss the gnoll.
The gnoll is severely wounded.
You closely miss the gnoll. The gnoll closely misses you.
The gnoll hits you with a flail!
* * * LOW HITPOINT WARNING * * *
The gnoll closely misses you.
You feel better. The gnoll closely misses you.
You hit the gnoll. You freeze the gnoll.
The gnoll is heavily wounded.
The gnoll hits you with a whip!
* * * LOW HITPOINT WARNING * * *
You feel agile all of a sudden.
The gnoll hits you from afar with a halberd!
You die...

########.#.#.#.#..# #
##.[.....### .
...#####.#.....# ..
#.......#.###...
...#######.....# ###
#...####...#......
#.......########
#####...#.###
######gg@..#.....##
#.....g######..#..#
#.####{## #...###.###
#.###g..###........†#####
#.#≈≈...≈≈#.#######...).#
#.#≈..♣..≈#.# ###...#
#.........†.# #####
#...♣._.♣...#
##.........##


You could see 3 gnolls.

Vanquished Creatures
  2 adders (D:2)
  A worm (D:2)
  A dart slug (D:1)
  A giant cockroach (D:1)
  5 goblins
  2 hobgoblins
  3 bats (D:1)
  4 frilled lizards
  3 kobolds (D:1)
  3 rats (D:1)
25 creatures vanquished.

Vanquished Creatures (others)
  A giant cockroach (D:2)
1 creature vanquished.

Grand Total: 26 creatures vanquished

Notes
Turn   | Place    | Note
-------+----------+-------------------------------------------
     0 | D:1      | Kaziem the Hill Orc Monk began the quest for the Orb.
     0 | D:1      | Reached XP level 1. HP: 19/19 MP: 1/1
   227 | D:1      | Reached XP level 2. HP: 19/27 MP: 2/2
   814 | D:2      | Reached XP level 3. HP: 20/33 MP: 3/3
   926 | D:2      | Gained mutation: Your body sometimes deteriorates upon taking damage. [potion of mutation]
   926 | D:2      | Gained mutation: You have a pair of small antennae on your head. [potion of mutation]
   937 | D:2      | Found a white marble altar of Elyvilon.
  1097 | D:2      | Mangled by a gnoll

Skill      XL: |  1  2 |
---------------+-------+-----
Stealth        | 2 |  2.1
Fighting       | |  3.9
Axes           | |  4.8
Dodging        | |  2.7

Action                   || total
-------------------------++-------
Melee: Hand axe          ||    83
  Use: Potion            ||     7
 Stab: Sleeping          ||     5
Armor: Robe              ||     6
Dodge: Dodged            ||    54
